Map: Acolyte LE

Players

Rich

  • Race: Terran Terran
  • League: Diamond
  • Spawn Location: 1:00

Ascarecrow - Winner!

  • Race: Zerg Zerg
  • League: Master
  • Spawn Location: 7:00

VOD

Have the link to the VOD?

Description

Time

  • Played on: Aug. 18, 2017, 12:46 a.m.
  • Length: 13:21
Show
View Real Time Build Order
Export as new Build Order

Rich Terran 

Build Orders: Hellion Opening, Reaper Expand, Bio Tank 

Get SALT Encoding   

  12  0:00  SCV  
  13  0:13  SCV  
  14  0:17  Supply Depot  
  14  0:25  SCV  
  15  0:28  Refinery  
  15  0:39  SCV  
  16  0:46  Barracks  
  16  0:51  SCV  
  17  1:03  SCV  
  18  1:15  SCV  
  19  1:33  Orbital Command  
  19  1:34  Reaper  
  20  1:46  Command Center  
  20  1:56  Factory  
  20  2:00  SCV  
  21  2:05  Refinery  
  21  2:09  Barracks Reactor  
  21  2:12  SCV  
  22  2:21  Supply Depot  
  22  2:24  SCV  
  23  2:43  SCV  
  24  2:44  Starport  
  24  2:52  Hellion x2  
  24  2:55  SCV  
  29  3:02  Barracks Tech Lab  
  29  3:04  Orbital Command  
  29  3:15  Hellion x2  
  29  3:19  SCV  
  34  3:31  SCV  
  34  3:32  Raven  
  37  3:36  Barracks Reactor  
  37  3:38  Hellion x2  
  41  3:42  Supply Depot  
  41  3:47  SCV x2  
  43  4:07  Hellion x2  
  45  4:19  Marine  
  45  4:20  Marine  
  45  4:22  Command Center  
  44  4:29  Raven  
  44  4:31  Barracks  
  46  4:32  SCV  
  46  4:33  SCV  
  48  4:40  Supply Depot  
  48  4:45  SCV x2  
  50  4:46  Marine x2  
  52  4:57  SCV  
  53  5:01  Factory Tech Lab  
  53  5:04  Barracks  
  53  5:06  SCV  
  54  5:08  Refinery x2  
  54  5:09  SCV  
  54  5:12  Supply Depot  
  55  5:18  SCV  
  55  5:21  SCV  
  57  5:24  Siege Tank  
  60  5:30  Marine, SCV  
  60  5:31  Barracks Tech Lab  
  60  5:33  Marine  
  60  5:34  SCV, Orbital Command  
  64  5:36  Starport Reactor  
  64  5:38  Engineering Bay  
  64  5:42  SCV  
  65  5:44  Engineering Bay  
  65  5:46  SCV  
  66  5:54  Marine  
  66  5:55  Marine x2  
  69  5:59  Stimpack, Siege Tank  
  72  6:09  SCV x2  
  74  6:12  Marine x2  
  74  6:15  Supply Depot  
  76  6:30  Marine x2  
  76  6:31  Siege Tank, Orbital Command, Terran Infantry Weapons Level 1, Terran Infantry Armor Level 1  
  76  6:32  SCV x2  
  83  6:35  Supply Depot  
  83  6:38  Marine x2  
  85  6:42  Medivac  
  85  6:44  SCV x2  
  89  6:48  Marine x2  
  89  6:50  Marine  
  92  6:56  SCV x2, Supply Depot  
  92  6:57  SCV  
  93  7:06  Marine x2  
  95  7:08  SCV  
  95  7:09  Supply Depot  
  95  7:11  Marine, Siege Tank  
  100  7:17  SCV  
  100  7:18  SCV  
  100  7:19  Refinery  
  100  7:20  SCV  
  103  7:24  Marine x2  
  103  7:28  Medivac x2  
  109  7:31  Marine, SCV x2  
  109  7:32  Supply Depot  
  109  7:33  SCV  
  113  7:41  Marine  
  113  7:43  SCV x2  
  116  7:45  SCV  
  116  7:46  Liberator  
  117  7:52  Supply Depot  
  117  7:53  Armory, Supply Depot, Siege Tank, Marine x2  
  117  7:56  Liberator  
  120  7:59  Marine, Combat Shields  
  120  8:04  SCV  
  125  8:06  Refinery  
  125  8:11  Supply Depot  
  125  8:13  Marine x2  
  125  8:14  SCV x2, Supply Depot  
  125  8:16  SCV  
  133  8:23  Marine  
  133  8:25  Siege Tank  
  137  8:28  SCV x3  
  137  8:31  Marine  
  137  8:32  Marine, Supply Depot  
  137  8:33  Supply Depot  
  142  8:40  Terran Infantry Armor Level 2, Terran Infantry Weapons Level 2  
  142  8:41  Marine  
  142  8:42  Terran Vehicle Weapons Level 1  
  143  8:49  Marine  
  143  8:50  Marine  
  145  8:59  Marine  
  138  9:02  Command Center  
  138  9:09  Marine x2  
  137  9:10  Siege Tank, Medivac x2  
  137  9:15  Barracks  
  137  9:16  Barracks  
  144  9:17  Marine  
  135  9:27  Marine x2  
  129  9:35  Marine  
  130  9:43  Siege Tank  
  130  9:44  Marine, Medivac x2  
  130  9:45  Marine  
  136  9:52  Marine  
  136  9:53  SCV x2  
  139  10:02  Marine x2  
  136  10:10  Marine  
  136  10:11  Marine  
  136  10:12  Marine x3  
  122  10:20  Marine, Siege Tank, Medivac x2  
  122  10:21  Marauder  
  128  10:25  Orbital Command  
  128  10:28  Marine  
  128  10:29  Marine x2  
  133  10:38  Marine, Liberator x2  
  133  10:42  Marauder  
  136  10:44  Barracks Reactor, Barracks Tech Lab  
  136  10:46  Marine  
  136  10:47  Marine x2  
  137  10:56  Marine, SCV  
  137  10:57  SCV x2  
  146  11:03  Marine  
  146  11:04  Marine  
  147  11:05  Marine x2  
  150  11:12  Marauder  
  150  11:13  Marine, Siege Tank  
  156  11:21  Marine x2  
  156  11:23  Marine x2  
  146  11:28  Marine x2  
  146  11:31  Marine  
  149  11:34  Marauder  
  149  11:39  Marine x2  
  153  11:40  Marine  
  153  11:41  Marine  
  153  11:46  Marine x2  
  153  11:47  Siege Tank  
  160  11:49  Marine  
  161  11:54  Barracks  
  161  11:55  Barracks, Marauder  
  161  11:57  Marine, Marauder  
  161  11:58  Marine x2  
  168  12:03  Marine  
  168  12:04  Marine  
  168  12:05  Orbital Command  
  168  12:07  Marine  
  171  12:15  Marine  
  155  12:16  Marine x3  
  155  12:18  Marine  
  155  12:21  Marine x2  
  154  12:25  Marine  
  151  12:33  Marine, SCV x2  
  151  12:34  Marine x2, SCV, Marauder  
  151  12:35  Siege Tank  
  151  12:36  Marauder  
  164  12:39  Marine x2  
  164  12:43  Marine  
  167  12:50  Marine  
  168  12:54  Marine  
  168  12:56  Marauder  
  168  12:57  Marine x2  
  168  12:58  Barracks Reactor x2  
Show
View Real Time Build Order
Export as new Build Order

Ascarecrow Zerg - Winner!

Build Orders: Hatch First 

Get SALT Encoding   

  12  0:01  Drone  
  13  0:12  Overlord  
  13  0:18  Drone  
  14  0:31  Drone x2  
  14  0:35  Drone  
  17  0:53  Hatchery  
  17  0:55  Drone  
  17  0:58  Drone  
  18  1:12  Spawning Pool  
  18  1:14  Drone  
  18  1:35  Hatchery  
  18  1:37  Drone  
  18  1:39  Drone  
  19  1:43  Drone  
  20  2:00  Zergling x2  
  20  2:01  Zergling x2  
  22  2:04  Queen  
  22  2:07  Queen  
  26  2:12  Overlord  
  26  2:15  Drone  
  26  2:20  Drone  
  28  2:30  Drone  
  28  2:31  Drone  
  28  2:35  Drone  
  31  2:45  Queen  
  31  2:49  Queen  
  31  2:50  Queen  
  37  2:53  Drone  
  37  2:54  Drone  
  37  2:57  Overlord  
  39  3:03  Drone x2  
  39  3:04  Drone  
  42  3:12  Overlord  
  42  3:15  Drone  
  42  3:16  Drone x2  
  42  3:17  Drone  
  42  3:18  Drone  
  47  3:21  Extractor  
  47  3:22  Extractor  
  45  3:31  Drone x5  
  45  3:32  Drone  
  51  3:35  Overlord  
  51  3:51  Evolution Chamber  
  51  3:52  Evolution Chamber  
  51  3:53  Roach Warren  
  51  3:54  Drone  
  51  3:55  Drone x3  
  52  3:58  Drone  
  52  3:59  Drone x2  
  55  4:16  Drone x4  
  55  4:17  Drone x6  
  65  4:25  Overlord  
  65  4:34  Overlord  
  65  4:40  Queen  
  65  4:41  Extractor  
  65  4:42  Extractor  
  65  4:47  Spore Crawler  
  65  4:50  Spore Crawler  
  65  4:51  Spore Crawler  
  65  4:52  Drone  
  63  4:53  Drone x11  
  63  4:54  Spore Crawler  
  63  4:58  Drone  
  63  4:59  Overlord x2  
  74  5:01  Zerg Missile Weapons Level 1  
  74  5:05  Zerg Ground Armor Level 1  
  74  5:15  Overlord x2  
  74  5:17  Extractor x2  
  70  5:31  Drone x2  
  70  5:32  Drone x3  
  70  5:33  Drone  
  70  5:34  Lair  
  76  5:37  Queen  
  76  5:39  Overlord  
  76  5:40  Queen  
  80  5:43  Drone x3  
  80  5:45  Overlord x2  
  80  5:46  Metabolic Boost  
  80  5:49  Roach x2  
  87  5:59  Roach  
  87  6:00  Roach x4  
  94  6:13  Pneumatized Carapace  
  93  6:18  Overlord  
  93  6:19  Overlord  
  93  6:41  Drone x3, Overlord  
  93  6:42  Overlord x2  
  96  6:48  Glial Reconstitution  
  96  6:54  Drone x2  
  96  6:55  Drone x4  
  96  6:56  Hydralisk Den  
  96  6:57  Drone  
  96  6:59  Hatchery  
  101  7:08  Overseer  
  101  7:14  Overlord x2  
  101  7:15  Zerg Melee Weapons Level 1, Zerg Ground Armor Level 2  
  101  7:17  Queen  
  103  7:30  Muscular Augments  
  103  7:33  Baneling Nest  
  103  7:36  Drone x2  
  103  7:37  Roach x12  
  128  7:47  Hatchery  
  127  8:08  Ravager x2  
  127  8:09  Ravager x8  
  127  8:10  Roach  
  127  8:11  Roach x11  
  161  8:15  Centrifical Hooks  
  161  8:24  Overlord  
  161  8:25  Drone x8  
  169  8:47  Hydralisk x13  
  195  8:53  Overseer  
  195  8:55  Overseer  
  193  9:05  Ravager  
  193  9:09  Ravager  
  192  9:10  Zergling x2  
  192  9:11  Zergling x14  
  183  9:26  Zergling x2  
  183  9:27  Zergling x34  
  183  9:28  Zergling x4  
  195  9:32  Ravager  
  195  9:33  Ravager  
  195  9:34  Ravager  
  198  9:40  Zerg Melee Weapons Level 2  
  198  9:41  Zerg Missile Weapons Level 2  
  198  9:50  Extractor x2  
  196  9:53  Zergling x8  
  200  10:05  Hatchery  
  187  10:10  Zergling x2  
  187  10:11  Zergling x30  
  196  10:16  Infestation Pit  
  196  10:20  Ravager  
  196  10:21  Ravager  
  194  10:59  Zergling x2  
  194  11:00  Zergling x12  
  194  11:03  Baneling x7  
  194  11:04  Baneling x18  
  199  11:11  Hive  
  199  11:13  Pathogen Glands  
  199  11:14  Burrow  
  175  11:48  Zergling x16  
  175  11:49  Zergling x32  
  161  12:31  Spire  
  161  12:35  Overlord x4  
  161  12:36  Overlord x4  
  160  12:37  Overseer  
  160  12:38  Overseer  
  160  12:44  Zergling x2  
  160  12:45  Zergling x50, Ultralisk Cavern  
  160  12:46  Zergling x4  
  187  12:59  Extractor  
  187  13:01  Extractor  
Tags
 
Add a new tag
Caveats
  • Supply blocks, unpowered buildings, or Contaminate may cause inaccurate times.
  • Supply counts are checked every 10 seconds.